 Dungeon Crawl Stone Soup version 0.25-a0-424-g80bd347ae0 (webtiles) character file.

Game seed: 2346274308428081414, levelgen mode: deterministic

109842 Flubbersnuff the Severer (level 15, -6/211 HPs)
             Began as a Minotaur Berserker on Jan 22, 2020.
             Was a High Priest of Trog.
             Mangled by Borgoz's ghost (37 damage)
             ... on level 4 of the Swamp on Jan 23, 2020.
             The game lasted 01:33:39 (30875 turns).

Flubbersnuff the Severer (Minotaur Berserker)      Turns: 30875, Time: 01:33:40

Health: -6/211     AC: 24    Str: 33    XL:     15   Next: 70%
Magic:  14/14      EV: 15    Int:  4    God:    Trog [*****.]
Gold:   1181       SH:  3    Dex: 10    Spells: 14/14 levels left

rFire    + . .     SeeInvis .   a - +4 battleaxe (flame)
rCold    + + .     Gourm    .   (shield currently unavailable)
rNeg     . . .     Faith    .   Y - +0 storm dragon scales
rPois    +         Spirit   .   (helmet restricted)
rElec    +         Reflect  +   r - scarf {rC+ rF+}
rCorr    .         Harm     .   x - +2 pair of gloves
MR       +....                  Q - +2 pair of boots of the Assassin {Detection Stab+ Stlth++}
Stlth    ..........             y - +3 amulet of reflection
HPRegen  0.45/turn              n - ring of poison resistance
MPRegen  0.14/turn              X - ring of protection from cold

@: berserking (expiring), very quick
A: retaliatory headbutt, horns 2
}: 1/15 runes: decaying
a: Berserk, Trog's Hand, Brothers in Arms, Renounce Religion


You were on level 4 of the Swamp.
You worshipped Trog.
Trog was extremely pleased with you.
You were very hungry.

You visited 4 branches of the dungeon, and saw 21 of its levels.
You also visited: Ossuary.

You collected 2121 gold pieces.
You spent 940 gold pieces at shops.

Inventory:

Hand Weapons
 a - a +4 battleaxe of flaming (weapon)
 b - a +4 antimagic battleaxe
 v - the +9 staff of Olgreb {rPois∞}
   (You found it on level 8 of the Dungeon)

   It grants immunity to poison.
Armour
 j - +0 ice dragon scales
 r - a scarf of resistance (worn)
 x - a +2 pair of gloves (worn)
 Q - the +2 pair of boots of the Assassin (worn) {Detection Stab+ Stlth++}
   (You found it on level 3 of the Lair of Beasts)

   It makes you much more stealthy.
 Y - +0 storm dragon scales (worn)
Jewellery
 e - an uncursed ring of ice
 n - a ring of poison resistance (left hand)
 y - a +3 amulet of reflection (around neck)
 B - an uncursed ring of fire
 M - a +4 ring of dexterity
 S - an uncursed ring of protection from magic
 X - a ring of protection from cold (right hand)
Wands
 g - a wand of acid (8)
 i - a wand of digging (5)
 R - a wand of iceblast (12)
Scrolls
 d - 14 scrolls of remove curse
 f - 16 scrolls of teleportation
 h - a scroll of noise {unknown}
 l - 5 scrolls of magic mapping
 o - 4 scrolls of blinking {unknown}
 u - 4 scrolls of fear {unknown}
 z - 5 scrolls of immolation
 C - 2 scrolls of summoning {unknown}
 D - 2 scrolls of brand weapon {unknown}
 E - 2 scrolls of torment {unknown}
 F - a scroll of random uselessness {unknown}
 G - a scroll of vulnerability {unknown}
 I - 4 scrolls of enchant armour
 J - 3 scrolls of fog {unknown}
 L - 3 scrolls of enchant weapon {unknown}
Potions
 m - 13 potions of curing
 p - 4 potions of cancellation
 q - 2 potions of resistance
 s - 3 potions of haste
 t - 5 potions of agility
 w - 3 potions of flight
 H - 2 potions of might
 K - 5 potions of lignification
 T - 4 potions of ambrosia
 W - a potion of heal wounds
Comestibles
 c - 25 rations


   Skills:
 + Level 15.2 Fighting
 - Level 20.0 Axes
 + Level 15.0 Armour
 + Level 13.8 Dodging


You had 14 spell levels left.
You didn't know any spells.
Your spell library was empty.

Dungeon Overview and Level Annotations

Branches:
Dungeon (9/15)             Temple (0/1) D:5            Lair (6/6) D:9
  Swamp (4/4) Lair:4       Spider (0/4) Lair:4        Slime (0/5) Lair:5
    Orc (2/2) D:9             Elf (0/3) Orc:2       Ossuary (visited)

Altars:
Ashenzari
Cheibriados
Elyvilon
Gozag
Kikubaaqudgha
Okawaru
Qazlal
Sif Muna
Trog
Uskayaw
Wu Jian
Xom
Yredelemnul
The Shining One
Jiyva

Shops:
D:7 }*[(%   Orc:2 :[%=

Annotations:
D:8 1 runed translucent door
Swamp:4 Borgoz's ghost, adept MiBe


Innate Abilities, Weirdness & Mutations

You reflexively headbutt those who attack you in melee.
You have a pair of horns on your head.


Message History

Borgoz's ghost is heavily damaged.
You miss Borgoz's ghost.
Borgoz's ghost is heavily damaged.
Borgoz's ghost hits you.
* * * LOW HITPOINT WARNING * * *
Borgoz's ghost burns you.
* * * LOW HITPOINT WARNING * * *
You barely miss Borgoz's ghost.
Borgoz's ghost is heavily damaged.
You miss Borgoz's ghost.
Borgoz's ghost is heavily damaged.
Borgoz's ghost closely misses you. You furiously retaliate!
You headbutt Borgoz's ghost, but do no damage.
You are too berserk!
You barely miss Borgoz's ghost.
Borgoz's ghost is heavily damaged.
You closely miss Borgoz's ghost.
Borgoz's ghost is heavily damaged.
Borgoz's ghost hits you!!!
You die...

≈(≈..≈≈.≈.≈..≈♣..♣♣.....≈≈##°#.#
......§≈..≈♣♣..♣♣.....≈≈?≈#♣#..♣
.≈≈≈≈≈≈≈....♣♣♣..≈♣≈≈≈≈≈......#♣
≈≈≈≈≈§^....♣♣ ♣♣...≈≈≈≈.≈≈.#.#.♣
≈≈≈≈≈..≈.≈#####♣..≈≈.≈≈.≈♣#♣#..#
.≈≈≈≈≈.≈.##♣≈.##..≈..≈≈≈.≈# #..#
....≈≈≈≈##♣[[..#..≈≈≈≈≈..♣♣ #..#
≈≈≈≈≈≈≈≈#♣?....W..≈≈≈≈..≈≈♣##..#
♣♣♣≈≈≈≈≈#♣..)..'@..≈≈..≈≈♣♣#..##
.♣♣.≈...#♣.....'.♣♣♣.♣≈≈≈♣ ##..##
≈≈≈≈.[♣♣##...!.#.♣♣.♣♣♣≈≈≈♣##...#
.≈≈.≈....##.♣♣##...♣♣ ♣♣≈≈♣#..###
.≈..♣..≈♣≈#####♣♣≈.♣♣♣♣♣♣♣♣##..##
♣♣.♣♣♣♣♣♣...♣≈♣♣....≈≈♣♣ #...#
♣♣♣ ♣.≈.≈.....≈..≈≈♣♣ ##..#
♣....≈..≈...≈≈≈≈♣ #..#
♣≈.♣♣≈..♣..≈≈≈≈♣♣ ##..#


You could see Borgoz's ghost.

Vanquished Creatures
  A tentacled monstrosity (Swamp:3)
  2 thorn hunters
  The ghost of jperry the Severer, a journeyman MiBe of Trog (Swamp:2)
  An orc warlord (Orc:2)
  2 dire elephants (Lair:6)
  The ghost of Duod the Severer, a journeyman MiBe of Trog (Lair:3)
  2 ice dragons (Swamp:4)
  15 hydras
  3 ghost crabs
  4 shambling mangroves
  2 catoblepae (Lair:6)
  4 alligators (Swamp:1)
  A two-headed ogre (Orc:2)
  An orc high priest (Orc:2)
  Sonja (Lair:5)
  A spriggan druid (Swamp:1)
  5 swamp dragons
  2 orc knights
  An orb spider (Lair:4)
  Pikel (D:6)
  2 lindwurms (Lair:6)
  7 orc sorcerers
  2 cyclopes (Orc:2)
  2 manticores (Lair:6)
  2 moths of wrath (Lair:3)
  A torpor snail (Lair:6)
  7 black mambas
  14 spiny frogs
  4 rime drakes
  7 komodo dragons
  4 freezing wraiths (Swamp:4)
  2 trolls
  4 hornets
  14 polar bears
  9 tyrant leeches
  A raiju (Lair:6)
  10 bog bodies
  19 blink frogs
  2 dream sheep (Lair:6)
  4 hippogriffs
  8 slime creatures
  2 shadows
  4 spriggans (Swamp:1)
  A wyvern (D:9)
  14 yaks
  3 basilisks
  A steam dragon (D:7)
  A hungry ghost (D:9)
  23 vampire mosquitoes
  4 swamp worm simulacra (Swamp:4)
  10 wargs
  15 swamp worms
  15 hydra simulacra (Swamp:4)
  8 soldier ants (D:8)
  16 hell hounds (Lair:6)
  10 water moccasins
  4 porcupines
  An ice beast (D:9)
  3 slaves (D:6)
  7 swamp drakes
  14 black bears
  28 orc warriors
  2 phantoms (D:6)
  13 ogres
  3 centaurs
  22 wolves
  9 crocodiles
  2 big kobolds (D:9)
  13 bullfrogs
  2 gnoll sergeants (D:9)
  10 scorpions
  25 killer bees
  8 wights (D:7)
  A howler monkey (D:5)
  3 electric eels
  2 crimson imps (D:6)
  5 centaur zombies
  6 hounds
  A bullfrog zombie (D:7)
  20 orc priests
  A centaur skeleton (D:5)
  3 bullfrog skeletons
  2 iguanas
  21 orc wizards
  7 worker ants
  4 big kobold zombies (Ossuary)
  A hound zombie (D:5)
  3 mummies (Ossuary)
  A hound skeleton (D:5)
  3 gnolls
  14 adders
  3 scorpion zombies (Ossuary)
  2 shadow imps (D:8)
  4 swamp drake simulacra (Swamp:4)
  An ooze (D:4)
  An adder zombie (D:6)
  4 worms
  A dart slug (D:3)
  5 leopard geckos
  66 orcs
  7 giant cockroaches
  5 hobgoblins
  8 jackals
  2 quokkas
  5 bats
  4 frilled lizards
  A giant cockroach zombie (D:5)
  2 gnoll zombies (Ossuary)
  7 goblins
  2 goblin zombies (Ossuary)
  A hobgoblin zombie (Ossuary)
  A jackal zombie (D:6)
  8 kobolds
  2 kobold zombies (Ossuary)
  A leopard gecko skeleton (D:7)
  An orc zombie (Ossuary)
  A quokka zombie (D:6)
  9 rats
  5 briar patches (Swamp:2)
  A butterfly (Lair:4)
  4 fungi
  3 plants (D:9)
734 creatures vanquished.

Vanquished Creatures (others)
  An azure jelly (Swamp:4)
  An alligator (Swamp:4)
  A hornet (Swamp:1)
  A spriggan (Swamp:1)
  A slave (D:6)
  A scorpion (Ossuary)
  A gnoll zombie (Ossuary)
  3 briar patches
  13 plants
23 creatures vanquished.

Grand Total: 757 creatures vanquished

Notes
Turn   | Place    | Note
-------+----------+-------------------------------------------
     0 | D:1      | Flubbersnuff the Minotaur Berserker began the quest for the
                  | Orb.
     0 | D:1      | Reached XP level 1. HP: 19/19 MP: 0/0
    34 | D:1      | Reached skill level 4 in Axes
    34 | D:1      | Reached XP level 2. HP: 27/27 MP: 1/1
   346 | D:1      | Reached XP level 3. HP: 33/33 MP: 2/2
   647 | D:2      | Found a shattered altar of Ashenzari.
   676 | D:2      | Found a shimmering altar of Xom.
   676 | D:2      | Found a glowing golden altar of the Shining One.
   691 | D:2      | Reached ** piety under Trog
  1145 | D:2      | Reached XP level 4. HP: 40/40 MP: 3/3
  1255 | D:3      | Reached skill level 5 in Axes
  1256 | D:3      | Reached XP level 5. HP: 47/47 MP: 4/4
  1463 | D:3      | Reached XP level 6. HP: 38/55 MP: 5/5
  1708 | D:3      | Reached skill level 6 in Axes
  1840 | D:3      | Reached skill level 5 in Fighting
  2046 | D:3      | Reached *** piety under Trog
  2469 | D:4      | Reached XP level 7. HP: 59/61 MP: 6/6
  2512 | D:4      | Found a white marble altar of Elyvilon.
  2725 | D:4      | Reached skill level 7 in Axes
  2928 | D:4      | Reached skill level 5 in Armour
  3540 | D:5      | Entered Level 5 of the Dungeon
  3560 | D:5      | Found a basalt altar of Yredelemnul.
  3624 | D:5      | You fall into a shaft and drop 1 floor!
  3634 | D:6      | Reached XP level 8. HP: 64/70 MP: 7/7
  3671 | D:6      | Reached skill level 8 in Axes
  3671 | D:6      | Reached skill level 5 in Dodging
  3682 | D:6      | You fall into a shaft and drop 1 floor!
  3707 | D:6      | Noticed Pikel
  3717 | D:6      | Killed Pikel
  3717 | D:6      | Reached skill level 9 in Axes
  3724 | D:6      | Found a sand-covered staircase.
  3750 | Ossuary  | Entered an ossuary
  3968 | Ossuary  | Reached **** piety under Trog
  4086 | Ossuary  | Reached XP level 9. HP: 75/79 MP: 8/8
  4479 | D:5      | Reached skill level 10 in Axes
  4543 | D:5      | Reached ***** piety under Trog
  4543 | D:5      | Received a gift from Trog
  4631 | D:5      | Found an opulent altar of Gozag.
  4642 | D:5      | Found a staircase to the Ecumenical Temple.
  5220 | D:5      | Found a hide-covered altar of Uskayaw.
  5322 | D:6      | Found a bloodstained altar of Trog.
  5809 | D:6      | Found an ornate altar of the Wu Jian Council.
  5948 | D:7      | Found Zashyuck's Food Emporium.
  6112 | D:7      | Reached skill level 11 in Axes
  6121 | D:7      | Found Xapse's Weapon Shoppe.
  6285 | D:7      | Found a shimmering blue altar of Sif Muna.
  6405 | D:7      | Found Weid's Assorted Antiques.
  6413 | D:7      | Bought a glowing scarf for 200 gold pieces
  6432 | D:7      | Found Sifut's Armour Emporium.
  6434 | D:7      | Reached XP level 10. HP: 90/90 MP: 9/9
  6519 | D:7      | Found Lif Cotimm's Gadget Boutique.
  6733 | D:8      | Found a snail-covered altar of Cheibriados.
  6749 | D:8      | Found a runed translucent door.
  6750 | D:8      | Found a runed translucent gate.
  6752 | D:8      | Found a runed translucent gate.
  6761 | D:8      | Found a runed translucent gate.
  6832 | D:8      | Found the +9 staff of Olgreb {rPois∞}
  6847 | D:8      | Found a runed translucent door.
  7178 | D:8      | Found an ancient bone altar of Kikubaaqudgha.
  7442 | D:8      | Received a gift from Trog
  7445 | D:8      | Reached skill level 12 in Axes
  8139 | D:9      | Found a staircase to the Orcish Mines.
  8436 | D:9      | Got a spiked chain mail
  8447 | D:9      | Identified the cursed +0 chain mail of Ogugryz {rF+ rN++
                  | Slay-6} (You found it on level 9 of the Dungeon)
  8463 | D:9      | Found a stormy altar of Qazlal.
  8571 | D:9      | Reached XP level 11. HP: 93/99 MP: 10/10
  8669 | D:9      | Reached skill level 13 in Axes
  9169 | D:9      | Reached skill level 10 in Fighting
  9244 | D:9      | Received a gift from Trog
  9278 | D:9      | Found a staircase to the Lair.
  9365 | Lair:1   | Entered Level 1 of the Lair of Beasts
  9365 | Lair:1   | Noticed a six-headed hydra
  9374 | Lair:1   | Killed a three-headed hydra
  9734 | Lair:1   | Reached skill level 10 in Armour
 11952 | Lair:2   | Reached skill level 14 in Axes
 12137 | Lair:2   | Noticed an eight-headed hydra
 12140 | Lair:2   | Noticed an eight-headed hydra
 12149 | Lair:2   | Killed a five-headed hydra
 12150 | Lair:2   | Killed a four-headed hydra
 13074 | Lair:3   | Noticed a four-headed hydra
 13082 | Lair:3   | Killed a one-headed hydra
 13082 | Lair:3   | Reached XP level 12. HP: 97/110 MP: 11/11
 13172 | Lair:3   | Reached skill level 10 in Dodging
 13461 | Lair:3   | Noticed a five-headed hydra
 13472 | Lair:3   | Killed a three-headed hydra
 13591 | Lair:3   | Found a transporter.
 13597 | Lair:3   | Found the +2 pair of boots of the Assassin {Detection Stab+
                  | Stlth++}
 13609 | Lair:3   | Found a transporter.
 13612 | Lair:3   | Noticed Duod's ghost (journeyman MiBe)
 13956 | Lair:3   | Reached skill level 15 in Axes
 13959 | Lair:3   | Killed Duod's ghost
 14385 | Lair:4   | Received a gift from Trog
 15027 | Lair:4   | Found a staircase to the Swamp.
 15057 | Lair:4   | Found a hole to the Spider Nest.
 15578 | Lair:4   | Noticed a five-headed hydra
 15588 | Lair:4   | Killed a one-headed hydra
 15950 | Lair:5   | Reached skill level 16 in Axes
 16238 | Lair:5   | Found a staircase to the Slime Pits.
 16240 | Lair:5   | Found a viscous altar of Jiyva.
 16306 | Lair:5   | Noticed a seven-headed hydra
 16317 | Lair:5   | Killed a three-headed hydra
 16374 | Lair:5   | Noticed Sonja
 16413 | Lair:5   | HP: 5/112 [Sonja/+2 short sword of venom (2)]
 16419 | Lair:5   | HP: 5/112 [poisoned by Sonja]
 16429 | Lair:5   | Killed Sonja
 16429 | Lair:5   | Reached XP level 13. HP: 28/118 MP: 12/12
 17331 | Lair:6   | Entered Level 6 of the Lair of Beasts
 18175 | Lair:6   | Noticed a dire elephant
 18191 | Lair:6   | Killed a dire elephant
 18499 | Lair:6   | Noticed a dire elephant
 18506 | Lair:6   | Reached skill level 17 in Axes
 18511 | Lair:6   | Killed a dire elephant
 18781 | Lair:6   | Received a gift from Trog
 19601 | Lair:6   | Received a gift from Trog
 20041 | D:7      | Bought the +4 robe of Augmentation {Str+4 Int+4 Dex+4} for
                  | 740 gold pieces
 20041 | D:7      | Found the +4 robe of Augmentation {Str+4 Int+4 Dex+4}
 20103 | Orc:1    | Entered Level 1 of the Orcish Mines
 20115 | Orc:1    | Reached XP level 14. HP: 128/129 MP: 13/13
 20212 | Orc:2    | Entered Level 2 of the Orcish Mines
 20349 | Orc:2    | Paralysed by an orc sorcerer for 2 turns
 20926 | Orc:2    | Found Giebreh's Jewellery Shoppe.
 20926 | Orc:2    | Found Gazeod's Book Emporium.
 20926 | Orc:2    | Found Vuunaicw's Armour Emporium.
 20930 | Orc:2    | Received a gift from Trog
 20940 | Orc:2    | Found Pebupsagh's Food Shoppe.
 21061 | Orc:2    | Noticed an orc warlord
 21066 | Orc:2    | Reached skill level 18 in Axes
 21657 | Orc:2    | Found a staircase to the Elven Halls.
 21701 | Orc:2    | Killed an orc warlord
 22396 | Orc:1    | Received a gift from Trog
 23059 | Swamp:1  | Entered Level 1 of the Swamp
 25354 | Swamp:2  | Paralysed by a hornet for 3 turns
 25360 | Swamp:2  | Received a gift from Trog
 25642 | Swamp:2  | Noticed a thorn hunter
 25650 | Swamp:2  | Found a runed translucent door.
 25659 | Swamp:2  | Killed a thorn hunter
 25659 | Swamp:2  | Reached skill level 19 in Axes
 26256 | Swamp:2  | Noticed jperry's ghost (journeyman MiBe)
 26257 | Swamp:2  | Found the +2 shield of Resistance {rF+ rC+ MR+}
 26280 | Swamp:2  | Killed jperry's ghost
 26280 | Swamp:2  | Reached XP level 15. HP: 139/139 MP: 14/14
 27301 | Swamp:3  | Noticed a tentacled monstrosity
 27315 | Swamp:3  | Killed a tentacled monstrosity
 28280 | Swamp:3  | Found an iron altar of Okawaru.
 28352 | Swamp:3  | Noticed a thorn hunter
 28374 | Swamp:3  | Killed a thorn hunter
 29022 | Swamp:4  | Entered Level 4 of the Swamp
 29549 | Swamp:4  | Killed an azure jelly
 29624 | Swamp:4  | Received a gift from Trog
 29982 | Swamp:4  | Reached skill level 15 in Fighting
 30087 | Swamp:4  | Found a runed translucent gate.
 30087 | Swamp:4  | Found a runed translucent gate.
 30089 | Swamp:4  | Noticed Borgoz's ghost (adept MiBe)
 30090 | Swamp:4  | Found a runed translucent gate.
 30493 | Swamp:4  | Reached skill level 20 in Axes
 30786 | Swamp:4  | Got a decaying rune of Zot
 30848 | Swamp:4  | Reached skill level 15 in Armour
 30875 | Swamp:4  | Mangled by Borgoz's ghost

Levels and vault maps discovered:
D:1:      lightli_arrival_quake, layout_rooms, st_stairs_10
D:2:      layout_rooms, ashenzari_altar_1, gammafunk_temple_overflow_wave,
          first_ration
D:3:      layout_loops_ring, solitary_fountain, mrwooster_statue_mirror
D:4:      layout_gridville, elyvilon_altar_3, minmay_box_of_dots
D:5:      layout_basic, nicolae_overflow_hidden_temple, lemuel_crystal_altar,
          minmay_temple_entry_proselytizer, grunt_gozag_statues
D:6:      layout_cave_pools, marbit_many_paths, trog_ov_bears_minmay,
          nicolae_ossuary_entry_ruins, uniq_pikel
D:7:      layout_basic, lemuel_blue_sif_altar, serial_shops, shop, shop, shop,
          shop, shop
D:8:      layout_basic, old_standard_altar, lemuel_doored_altar,
          minmay_guarded_unrand_staff_of_olgreb
D:9:      layout_roguey, grunt_qazlal_sundering, david_lair_shrubbed,
          kennysheep_orc_monster_closet_entryway
Lair:1:   layout_long_grid, serial_bayou, serial_bayou_pond_c,
          serial_bayou_lagoon_a, serial_bayou_ford_a, serial_bayou_pond_b
Lair:2:   layout_gridlike, serial_bayou_shore_b
Lair:3:   layout_cave_pods, gammafunk_ghost_berserking_beasts
Lair:4:   layout_big_grid, skrybe_swamp_entry_bodies,
          nicolae_spider_entry_orb_guardian, serial_bayou_shore_a,
          lemuel_fruit_fields
Lair:5:   layout_gridlike, slime_altar_1, cheibrodos_lair_lostbears, uniq_sonja
Lair:6:   hangedman_lair_caniforms_friends, layout_regular_city,
          hangedman_lair_in_review, serial_bayou_shore_b
Swamp:1:  layout_falls_marsh, nicolae_swamp_triple_paths
Swamp:2:  layout_falls_marsh, gammafunk_ghost_grave, serial_swamp_ruin,
          evilmike_swamp_ruin_house_1, evilmike_swamp_ruin_house_4,
          evilmike_swamp_ruin_house_5
Swamp:3:  layout_basic_swamp, lemuel_altar_in_water
Swamp:4:  swamp_icy, layout_basic_swamp, gammafunk_ghost_hydra_chop
Orc:1:    layout_caves
Orc:2:    st_orc_mages, layout_caves

Skill      XL: |  1  2  3  4  5  6  7  8  9 10 11 12 13 14 15 |
---------------+----------------------------------------------+-----
Axes           | 4 5 6 7 9 11 12 14 16 17 19 20 | 20.0
Fighting       | 4 5 6 7 8 9 11 12 13 14 15 | 15.2
Armour         | 3 4 5 6 8 9 10 12 13 14 15 | 15.0
Dodging        | 3 4 6 7 8 9 11 12 13 | 13.8

Action                   |  1- 3 |  4- 6 |  7- 9 | 10-12 | 13-15 || total
-------------------------+-------+-------+-------+-------+-------++-------
Melee: Hand axe          |    58 |   195 |   276 |       |       ||   529
       Headbutt          |    11 |    31 |    85 |   110 |   193 ||   430
       Battleaxe         |       |       |    98 |   600 |   983 ||  1681
Invok: Berserk           |       |     1 |     1 |     7 |    12 ||    21
       Trog's Hand       |       |       |       |     1 |       ||     1
Evoke: Wand              |       |       |       |       |     2 ||     2
  Use: Scroll            |       |       |    14 |     1 |     7 ||    22
       Potion            |       |       |       |     5 |     2 ||     7
  Eat: Chunk             |       |     6 |    10 |    24 |    31 ||    71
       Ration            |       |       |     1 |     5 |     8 ||    14
Armor: Animal skin       |    12 |       |       |       |       ||    12
       Plate armour      |     9 |   124 |   166 |   403 |   458 ||  1160
       Storm dragon scal |       |       |       |       |   145 ||   145
Dodge: Dodged            |    34 |    86 |   132 |   381 |   554 ||  1187
Block: Other             |       |       |    28 |    76 |   129 ||   233
       Reflection        |       |       |     1 |     1 |       ||     2

Table legend:
 A = Non-vault XP
 B = Vault XP
 C = Vault XP percentage of total XP
 D = Non-vault monster count
 E = Vault monster count
 F = Vault count percentage of total count
                 A         B        C        D         E       F
            +---------+---------+-------+---------+---------+-------
      Total |   91799 |   46548 |  33.6 |     471 |     250 |  34.7
            +---------+---------+-------+---------+---------+-------
        D:1 |      40 |       3 |   7.0 |      18 |       2 |  10.0
        D:2 |      91 |       0 |   0.0 |      14 |       0 |   0.0
        D:3 |     477 |       0 |   0.0 |      50 |       0 |   0.0
        D:4 |     630 |      51 |   7.5 |      19 |       5 |  20.8
        D:5 |     317 |      43 |  11.9 |      21 |       1 |   4.5
        D:6 |    1000 |     800 |  44.4 |      20 |       3 |  13.0
        D:7 |    1370 |       0 |   0.0 |      20 |       0 |   0.0
        D:8 |     849 |    2286 |  72.9 |      16 |      26 |  61.9
        D:9 |    1221 |    2239 |  64.7 |      15 |      21 |  58.3
     Lair:1 |    4076 |     250 |   5.8 |      14 |       1 |   6.7
     Lair:2 |    4366 |       0 |   0.0 |      17 |       0 |   0.0
     Lair:3 |    2722 |    3423 |  55.7 |       5 |       8 |  61.5
     Lair:4 |    7158 |     906 |  11.2 |      30 |       2 |   6.2
     Lair:5 |    3112 |    2041 |  39.6 |      10 |       5 |  33.3
     Lair:6 |    5727 |   18664 |  76.5 |      21 |      74 |  77.9
    Swamp:1 |   14789 |       0 |   0.0 |      44 |       0 |   0.0
    Swamp:2 |   10416 |    1815 |  14.8 |      20 |       1 |   4.8
    Swamp:3 |   13094 |       0 |   0.0 |      21 |       0 |   0.0
    Swamp:4 |    9428 |    8209 |  46.5 |      31 |      31 |  50.0
      Orc:1 |    2673 |      40 |   1.5 |      22 |       1 |   4.3
      Orc:2 |    8243 |    4827 |  36.9 |      43 |      38 |  46.9
    Ossuary |       0 |     951 | 100.0 |       0 |      31 | 100.0
            +---------+---------+-------+---------+---------+-------
